 Dungeon Crawl Stone Soup version 0.30-a0-605-gb2882149bf (webtiles) character file.

Game seed: 13272323963680680170

248 OTABOTABOTAB the Ruffian (level 5, -5/40 HPs)
             Began as a Draconian Transmuter on Jan 8, 2023.
             Slain by a black bear (9 damage)
             ... on level 4 of the Dungeon.
             The game lasted 00:06:37 (3265 turns).

OTABOTABOTAB the Ruffian (Draconian Transmuter)     Turns: 3265, Time: 00:06:37

Health: -5/40      AC:  2    Str: 12    XL:     5   Next: 86%
Magic:  5/8        EV: 19    Int: 20    God:
Gold:   167        SH:  5    Dex: 22    Spells: 2/8 levels left

rFire   . . .      SeeInvis .      - Unarmed
rCold   . . .      Faith    .    (shield currently unavailable)
rNeg    + . .      Spirit   .    (body armour unavailable)
rPois   x          Reflect  +    (helmet currently unavailable)
rElec   .          Harm     .    (cloak currently unavailable)
rCorr   .          Rampage  .    (gloves currently unavailable)
Will    .....                    (boots currently unavailable)
Stlth   ++                       h - amulet of Ynaybuukk {Reflect rN+ Int+4 SH+5}
HPRegen 0.26/turn                g - +6 ring of dexterity
MPRegen 0.11/turn                (no ring)

@: spider-form
A: venomous fangs, AC +5, tiny, unfitting armour, (cold-blooded)
a: End Transformation


You were on level 4 of the Dungeon.
You were a venomous arachnid creature.
You visited 1 branch of the dungeon, and saw 4 of its levels.

You collected 167 gold pieces.

Inventory:

Armour
 n - a +0 pair of gloves (melded)
   (You found it on level 2 of the Dungeon)
 w - a +0 pair of boots (melded)
   (You found it on level 3 of the Dungeon)
Magical Staves
 k - a staff of cold {rC+}
   (You found it on level 2 of the Dungeon)
Jewellery
 g - a +6 ring of dexterity (left front pincers)
   (You found it on level 4 of the Dungeon)
 h - the amulet of Ynaybuukk (around neck) {Reflect rN+ Int+4 SH+5}
   (You acquired it on level 2 of the Dungeon)

   [amulet of reflection]

   It reflects blocked missile attacks.
   Int:       It affects your intelligence (+4).
   rN:        It protects you from negative energy.
   SH:        It affects your SH (+5).
 t - an amulet of the acrobat
   (You found it on level 3 of the Dungeon)
Wands
 o - a wand of charming (6)
   (You took it off Ijyb on level 3 of the Dungeon)
 q - a wand of roots (12)
   (You found it on level 3 of the Dungeon)
Scrolls
 c - 3 scrolls of amnesia
 d - a scroll of blinking {!r}
 r - a scroll of teleportation
Potions
 a - a potion of lignification {!q}
 b - a potion of brilliance {unknown}
 e - a potion of haste {unknown}
 f - 2 potions of berserk rage {!q}
 i - 3 potions of heal wounds
 l - a potion of resistance {unknown}
 p - 2 potions of invisibility
 s - a potion of mutation {unknown}
 u - a potion of curing {unknown}
 v - a potion of ambrosia {unknown}
 x - a potion of might {unknown}


   Skills:
 - Level 1.1 Fighting
 - Level 1.7 Dodging
 + Level 5.1 Unarmed Combat
 - Level 2.0 Spellcasting
 + Level 4.5 Transmutations


You had 2 spell levels left.
You knew the following spells:

 Your Spells              Type           Power      Damage    Failure   Level
a - Beastly Appendage     Tmut           40%        N/A       9%          1
b - Wereblood             Tmut           20%        N/A       12%         2
c - Spider Form           Tmut/Pois      11%        N/A       38%         3

Your spell library contained the following spells:

 Spells                   Type           Power      Damage    Failure   Level
 Passwall                 Tmut/Erth      9%         N/A       24%         2
 Apportation              Tloc           4%         N/A       34%         1
 Magic Dart               Conj           8%         1d3       34%         1
 Necrotise                Necr           8%         1d4       34%         1
 Summon Small Mammal      Summ           8%         N/A       34%         1
 Ensorcelled Hibernation  Hex/Ice        4%         N/A       45%         2
 Searing Ray              Conj           4%         2d4       45%         2
 Swiftness                Air            2%         N/A       65%         3
 Ice Form                 Ice/Tmut       11%        N/A       73%         4
 Fulminant Prism          Conj/Hex       1%         3d5       94%         4


Dungeon Overview and Level Annotations

Branches:
Dungeon (4/15)
 Temple: D:4-7

Altars:


Innate Abilities, Weirdness & Mutations

You are a venomous arachnid creature.
You have venomous fangs.
You are tiny and dextrous.
Your spellcasting is less reliable in this form.
Your armour is entirely melded.
You are incapable of wielding weapons or throwing items.
((Your plain brown scales are hard. (AC +5)))
You cannot fit into any form of body armour.
((You are cold-blooded and may be slowed by cold attacks.))


Message History

Your +0 pair of gloves melds into your body.
Your +0 pair of boots melds into your body.
You now have 5/8 mp.
You hit the ball python.
You kill the ball python!
Unknown command.
No target in view!
No target in view!
Your transformation has ended.
Your +0 pair of gloves unmelds from your body.
Your +0 pair of boots unmelds from your body.
You see here a ball python corpse.
Found a stone staircase leading down.
MP restored: 8
Okay, then.
An endoplasm comes into view.
Unknown command.
A quokka and an ufetubus come into view.
The ufetubus shouts!
The endoplasm quivers.
You hear a shout!
The endoplasm hits you but does no damage.
You hit the endoplasm.
You kill the endoplasm!
The quokka closely misses you.
You barely miss the quokka. You block the quokka's attack.
You hit the quokka.
Your tail-slap misses the quokka.
You block the quokka's attack.
Unknown command.
You closely miss the quokka. You tail-slap the quokka.
The ufetubus barely misses you. x2; The ufetubus hits you. x2
You block the quokka's attack.
You take 4 damage, and have 36/40 hp.
You closely miss the quokka. You block the ufetubus's attack.
The ufetubus barely misses you.
The quokka bites you but does no damage.
You barely miss the quokka. The ufetubus barely misses you. x2
The quokka bites you.
The ufetubus hits you but does no damage.
You block the ufetubus's attack.
You take 3 damage, and have 33/40 hp.
You closely miss the quokka. You block the ufetubus's attack.
The ufetubus closely misses you. The quokka bites you.
A black bear comes into view.
Unknown command.
The black bear growls angrily.
You hit the quokka.
You kill the quokka!
You hear a shout! x2
You block the ufetubus's attack. The ufetubus closely misses you.
You closely miss the ufetubus. The ufetubus barely misses you.
The ufetubus misses you. The ufetubus closely misses you.
The ufetubus hits you.
You take 2 damage, and have 31/40 hp.
You barely miss the ufetubus.
An orc comes into view. It is wielding a +0 hand axe.
You block the ufetubus's attack.
The ufetubus hits you but does no damage.
The spell is quite dangerous to miscast (19% risk of failure)!
Continue anyway?
You turn into a venomous arachnid creature.
Your +0 pair of gloves melds into your body.
Your +0 pair of boots melds into your body.
You block the ufetubus's attack. The ufetubus misses you.
The ufetubus barely misses you. x2
You now have 5/8 mp.
You hit the black bear.
The black bear is poisoned.
The black bear barely misses you. The black bear claws you.
The black bear closely misses you. The ufetubus closely misses you.
The ufetubus completely misses you.
You take 2 damage, and have 30/40 hp.
You hit the black bear.
The black bear looks as sick as possible!
The ufetubus hits you. You block the ufetubus's attack.
The black bear bites you. The black bear claws you.
The black bear claws you but does no damage.
You take 5 damage, and have 25/40 hp.
You hit the black bear.
The black bear looks as sick as possible!
The ufetubus closely misses you. x2
The black bear goes berserk!
The ufetubus completely misses you. You block the ufetubus's attack.
You hit the ufetubus.
The ufetubus is poisoned.
The black bear bites you. The black bear claws you.
The black bear closely misses you. The ufetubus misses you. x2
A hobgoblin comes into view.
You take 8 damage, and have 17/40 hp.
You bite the ufetubus!
You kill the ufetubus!
You block the black bear's attack. The black bear misses you.
The black bear claws you. You block the black bear's attack.
The black bear closely misses you. The black bear claws you.
* * * LOW HITPOINT WARNING * * *
You take 7 damage, and have 10/40 hp.
The orc attacks as you move away! The orc hits you with a +0 hand axe.
* * * LOW HITPOINT WARNING * * *
You hear a shout!
You take 6 damage, and have 4/40 hp.
A kobold comes into view. It is wielding a +0 dagger.
The black bear bites you!
You die...

#.. ... .. #. ...
#.##. ... #. ####....
... #..#..#...##K#
###. #..#.........
.....
#.....#.#..###......
#..#.#.>..sho...g#
#.........###.####
.$....$..####.#
...............
................
###.....#.##.#######..
#.......#.##.# #8.
#.#.....#..#.######
### #.#....
#........############


You could see a black bear (berserk, extremely poisoned), an orc, a hobgoblin
and a kobold.

Vanquished Creatures
  A scorpion (D:3)
  Terence (D:3)
  Ijyb (D:3)
  2 adders
  An ufetubus (D:4)
  3 dart slugs
  6 orcs
  8 ball pythons
  10 bats
  8 endoplasms
  3 giant cockroaches
  6 goblins
  8 hobgoblins
  12 jackals
  9 kobolds
  5 quokkas
  A frilled lizard (D:1)
  12 rats
97 creatures vanquished.

Vanquished Creatures (others)
  A fungus (D:2)
1 creature vanquished.

Grand Total: 98 creatures vanquished

Notes
Turn   | Place    | Note
-------+----------+-------------------------------------------
     0 | D:1      | OTABOTABOTAB the Draconian Transmuter began the quest for
                  | the Orb.
     0 | D:1      | Reached XP level 1. HP: 16/16 MP: 3/3
    71 | D:1      | Reached XP level 2. HP: 22/23 MP: 1/5
   529 | D:1      | You fall into a shaft and drop 1 floor!
   608 | D:2      | Reached XP level 3. HP: 28/28 MP: 4/6
   710 | D:1      | Reached skill level 3 in Transmutations
  1172 | D:2      | Learned a level 2 spell: Wereblood
  1176 | D:2      | Learned a level 3 spell: Spider Form
  1253 | D:2      | Reached skill level 4 in Unarmed Combat
  1297 | D:2      | Reached XP level 4. HP: 33/35 MP: 7/7
  1374 | D:2      | Identified a scroll of acquirement
  1374 | D:2      | Acquired the amulet of Ynaybuukk {Reflect rN+ Int+4 SH+5}
  1623 | D:2      | Found a faded altar of an unknown god.
  2061 | D:3      | Noticed Ijyb
  2077 | D:3      | Killed Ijyb
  2430 | D:3      | Reached XP level 5. HP: 35/40 MP: 8/8
  2447 | D:3      | Reached skill level 4 in Transmutations
  2700 | D:3      | Noticed Terence
  2708 | D:3      | Killed Terence
  2797 | D:3      | Reached skill level 5 in Unarmed Combat
  3254 | D:4      | Noticed a black bear
  3263 | D:4      | HP: 10/40 [black bear (3)]
  3264 | D:4      | HP: 4/40 [orc/+0 hand axe (6)]
  3265 | D:4      | Slain by a black bear

Illustrated notes

Levels and vault maps discovered:
D:1:      dpeg_arrival_ratfight, layout_basic, nrook_mini_backslash,
          chequers_serial_rivers_large_a, grunt_decor_resistance
D:2:      minmay_razor_zed, layout_basic, shapermc_ecumenical_altar_acropolis,
          kennysheep_generic_room_4
D:3:      layout_loops_ring, uniq_terence, uniq_ijyb
D:4:      layout_rooms, minitemple

Skill      XL: |  1  2  3  4  5 |
---------------+----------------+-----
Transmutations | 3 4 |  4.5
Unarmed Combat | 4 5 |  5.1
Fighting       | |  1.1
Dodging        | |  1.7
Spellcasting   | |  2.0

Action                   |  1- 3 |  4- 6 || total
-------------------------+-------+-------++-------
Melee: Unarmed           |   130 |   164 ||   294
       Kick              |    12 |       ||    12
       Headbutt          |     6 |       ||     6
       Punch             |     1 |     3 ||     4
       Tailslap          |     9 |    12 ||    21
 Cast: Beastly Appendage |    14 |       ||    14
       Spider Form       |       |     8 ||     8
 Abil: End Transformatio |     7 |     2 ||     9
  Use: Scroll            |       |    11 ||    11
 Stab: Sleeping          |     2 |     2 ||     4
Armor: Skin              |    47 |    47 ||    94
Dodge: Dodged            |    68 |   102 ||   170
Block: Other             |       |    48 ||    48
       Reflection        |       |     2 ||     2

Table legend: (Time is in decaauts)
 A = Elapsed time spent in this place.
 B = Non-inter-level travel time spent in this place.
 C = Inter-level travel time spent in this place.
 D = Time resting spent in this place.
 E = Time spent auto-exploring this place.
 F = Levels seen in this place.
 G = Mean time per level.
                   A        B        C        D        E       F      G
               +--------+--------+--------+--------+--------+-----+--------+
         Total |   3252 |   3182 |     70 |     38 |   2527 |   4 |  813.0 |
       Dungeon |   3252 |   3182 |     70 |     38 |   2527 |   4 |  813.0 |
               +--------+--------+--------+--------+--------+-----+--------+

Top non-repeatable levels by time:
     D:3: 1053 daAuts
     D:2: 1051 daAuts
     D:1: 1004 daAuts
     D:4: 142 daAuts

Table legend:
 A = Kills in this place as a percentage of kills in entire the game.
 B = Kills by you in this place as a percentage of kills by you in the entire game.
 C = Kills by friends in this place as a percentage of kills by friends in the entire game.
 D = Other kills in this place as a percentage of other kills in the entire game.
 E = Experience gained in this place as a percentage of experience gained in the entire game.
 F = Experience gained in this place divided by the number of levels of this place that you have seen.
                   A       B       C       D       E      F
               +-------+-------+-------+-------+-------+----------------------
         Total | 100.0 | 100.0 |   N/A |   N/A | 100.0 |  88.8
       Dungeon | 100.0 | 100.0 |   N/A |   N/A | 100.0 |  88.8
               +-------+-------+-------+-------+-------+----------------------
